[Event "Late-Titled-Tuesday-Blitz-March-05-2024"]
[Site "Chess.com"]
[Date "2024.03.05"]
[Round "6"]
[White "Zallio"]
[Black "maurovargas01"]
[Result "1-0"]
[WhiteElo "2146"]
[BlackElo "1827"]
[TimeControl "180+1"]
[EndTime "15:04:41 PST"]
[Termination "Zallio won by resignation"]

1. e4 d5 2. exd5 Qxd5 3. Nf3 c6 4. d4 Bg4 5. Be2 Nf6 6. c4 Qa5+ 7. Nc3 e6 8. O-O Nbd7 9. a3 Rd8 10. Bf4 Nh5 11. b4 Qa6 12. c5 b5 13. a4 Nxf4 14.
axb5 Qb7 15. bxc6 Qxc6 16. Ra6 Nxe2+ 17. Qxe2 Bxf3 18. gxf3 Qc8 19. Rxa7 Be7 20. Qb5 O-O 21. c6 Qb8 22. Rb7 Qa8 23. Rxd7 Rxd7 24. cxd7 Qxf3 25. Ne2 h6 26. Ng3 h5 27. Nxh5 Rd8 28. Ng3 Qc3 29.
d5 exd5 30. Qxd5 Qxb4 31. Kh1 Qa5 32. Qxa5 Rxd7 33. Qa8+ Rd8 34. Qe4 Bf6 35. Nh5 Rd4 36. Nxf6+ 1-0

[Event "Late-Titled-Tuesday-Blitz-March-05-2024"]
[Site "Chess.com"]
[Date "2024.03.05"]
[Round "6"]
[White "protectiago"]
[Black "jactorres"]
[Result "1/2-1/2"]
[WhiteElo "2064"]
[BlackElo "2246"]
[TimeControl "180+1"]
[EndTime "15:04:42 PST"]
[Termination "Game drawn by repetition"]

1. d4 Nf6 2. c4 e6 3. g3 Be7 4. Nf3 b6 5. Nc3 Bb7 6. Qc2 d5 7. Bg2 dxc4 8. O-O O-O 9. Rd1 Qc8 10. e4 c5 11. e5 Nd5 12. Bg5 Re8 13. Bxe7 Rxe7 14.
Ng5 g6 15. Nce4 Nc6 16. Nf6+ Nxf6 17. exf6 Nxd4 18. Rxd4 cxd4 19. fxe7 Bxg2 20. Kxg2 d3 21. Qc3 Qb7+ 22. f3 Qxe7 23. Ne4 f5 24. Nf6+ Kf7 25.
Nxh7 Kg8 26. Nf6+ Kf7 27. Nh7 Kg8 28. Nf6+ Kf7 29. Nh7 1/2-1/2

[Event "Late-Titled-Tuesday-Blitz-March-05-2024"]
[Site "Chess.com"]
[Date "2024.03.05"]
[Round "6"]
[White "Bekkedahl"]
[Black "KorolDimitriy75"]
[Result "1-0"]
[WhiteElo "2216"]
[BlackElo "2406"]
[TimeControl "180+1"]
[EndTime "15:04:43 PST"]
[Termination "Bekkedahl won on time"]

1. e4 c5 2. Nf3 d6 3. Bb5+ Nd7 4. O-O Nf6 5. Re1 a6 6. Bxd7+ Bxd7 7. c3 g6 8. d4 cxd4 9. cxd4 Bg7 10. Nc3 O-O 11. Bg5 Bc6 12. e5 dxe5 13. dxe5 Ng4 14. Qxd8 Rfxd8 15.
Bxe7 Re8 16. Bd6 Bxf3 17. gxf3 Nxe5 18. Kg2 Nc4 19. Ne4 f5 20. Rac1 Nxb2 21. Nc5 b6 22. Rxe8+ Rxe8 23. Nxa6 Ra8 24. Nb4 Na4 25. Rc7 Bf6 26.
Nd5 Bg5 27. Be5 Re8 28. f4 Bd8 29. Rg7+ Kf8 30. Rxh7 Nc5 31. Rg7 1-0

[Event "Late-Titled-Tuesday-Blitz-March-05-2024"]
[Site "Chess.com"]
[Date "2024.03.05"]
[Round "6"]
[White "Lennis93"]
[Black "guillembaches"]
[Result "0-1"]
[WhiteElo "2689"]
[BlackElo "2547"]
[TimeControl "180+1"]
[EndTime "15:04:45 PST"]
[Termination "guillembaches won on time"]

1. a3 d5 2. Nf3 Nf6 3. c4 e6 4.
e3 Bd6 5. d4 b6 6. Nc3 O-O 7.
b4 c5 8. dxc5 bxc5 9. b5 Bb7 10.
a4 d4 11. exd4 cxd4 12. Qxd4 e5 13. Qd2 Qa5 14. Ba3 Bxa3 15. Rxa3 Bxf3 16. gxf3 Rd8 17. Bd3 Nbd7 18. Ne4 Qc7 19. Qb4 Rab8 20. c5 Nxe4 21. Qxe4 Nxc5 22. Qxh7+ Kf8 23. O-O Rb6 24. Qh8+ Ke7 25.
Qh4+ Kf8 26. Qh8+ Ke7 27. Qh4+ Kf8 0-1

[Event "Late-Titled-Tuesday-Blitz-March-05-2024"]
[Site "Chess.com"]
[Date "2024.03.05"]
[Round "6"]
[White "mishanick"]
[Black "KNVB"]
[Result "1-0"]
[WhiteElo "3075"]
[BlackElo "2807"]
[TimeControl "180+1"]
[EndTime "15:04:46 PST"]
[Termination "mishanick won by resignation"]

1. d4 Nf6 2. c4 e5 3. dxe5 Ng4 4. Nf3 Bc5 5. e3 Nc6 6. Nc3 O-O 7. Be2 Ncxe5 8. O-O Nxf3+ 9. Bxf3 Ne5 10. Be2 a5 11.
Ne4 Ba7 12. b3 Re8 13. Bb2 Qh4 14. Ng3 d6 15. Bd4 Bxd4 16. Qxd4 Qxd4 17. exd4 Nc6 18. Rfd1 a4 19. Bf3 axb3 20. Bxc6 bxc6 21. axb3 Rb8 22. Ra3 f6 23. h4 Kf7 24. Kf1 Bd7 25. Rd3 Rb7 26.
f3 Reb8 27. Ke2 Be6 28. Kd2 Bd7 29. Kc3 Ke7 30. Re3+ Kf7 31. h5 g6 32. Re1 Rg8 33.
Ne2 g5 34. Ng3 f5 35. Ra5 Kf6 36. b4 Rgb8 37. Rb1 h6 38. Rb2 Be6 39. Nf1 f4 40. Nd2 d5 41. c5 Bf7 42. Ra6 Be8 43. b5 Rxb5 44. Rxb5 Rxb5 45. Nb3 Ke7 46. Na5 Rb1 47. Nxc6+ Bxc6 48. Rxc6 Rg1 49. Rxh6 Rxg2 50. Rh7+ Kd8 51. c6 Rg3 52. Rd7+ Ke8 53. h6 Rxf3+ 54. Kd2 Rh3 55. h7 g4 56. Rxc7 Rh2+ 57. Kd3 Kd8 58. Rg7 f3 59.
Rg8+ Kc7 60. h8=Q Rxh8 61. Rxh8 g3 62. Ke3 g2 63. Rg8 Kxc6 64. Kxf3 Kb5 65. Rxg2 Kc4 66. Ke3 1-0

[Event "Late-Titled-Tuesday-Blitz-March-05-2024"]
[Site "Chess.com"]
[Date "2024.03.05"]
[Round "6"]
[White "Practical-Play"]
[Black "Zhigalko_Sergei"]
[Result "1-0"]
[WhiteElo "2588"]
[BlackElo "2859"]
[TimeControl "180+1"]
[EndTime "15:04:46 PST"]
[Termination "Practical-Play won on time"]

1. e4 c5 2. c3 Nf6 3. e5 Nd5 4. d4 cxd4 5. Nf3 d6 6. Bc4 Nb6 7. Bb3 Nc6 8. exd6 Qxd6 9. O-O Be6 10. Na3 Bxb3 11. Qxb3 dxc3 12. Nb5 Qb8 13. g3 cxb2 14. Qxb2 e5 15. Re1 Be7 16. Nxe5 Nxe5 17. Rxe5 f6 18. Re6 Kf8 19. Bf4 Qd8 20. Rae1 Bc5 21. Rc1 Qd7 22. Rxf6+ gxf6 23. Qxf6+ Kg8 24. Rxc5 h6 25. Rc7 Nd5 26. Qg6+ Kf8 27. Rxd7 1-0

[Event "Late-Titled-Tuesday-Blitz-March-05-2024"]
[Site "Chess.com"]
[Date "2024.03.05"]
[Round "6"]
[White "Schattman"]
[Black "ritanovikova"]
[Result "1-0"]
[WhiteElo "2428"]
[BlackElo "2210"]
[TimeControl "180+1"]
[EndTime "15:04:47 PST"]
[Termination "Schattman won by resignation"]

1. Nf3 Nf6 2. g3 g6 3. c4 Bg7 4. Bg2 O-O 5. O-O c5 6. Nc3 Nc6 7. e4 d6 8. h3 a6 9. d3 Qc7 10. Bf4 Rb8 11. Re1 b5 12. e5 Nh5 13. Nd5 Qd8 14.
exd6 exd6 15. Bg5 Nf6 16. Rb1 h6 17. Nxf6+ Bxf6 18. Bxh6 Bg7 19. Bxg7 Kxg7 20. Qd2 Qf6 21. cxb5 axb5 22. Qc3 Nd4 23. Nxd4 cxd4 24. Qd2 Be6 25. b3 Rh8 26. h4 Rh5 27. Re4 g5 28. hxg5 Rxg5 29. Qb2 Rg4 30. Rbe1 d5 31. Rxg4+ Bxg4 32. Bxd5 Rh8 33. Bg2 Bh3 34. Re4 Bxg2 35. Kxg2 Rd8 36.
Qe2 b4 37. Qg4+ Kf8 38. Qf4 Qg7 39. Qc7 Qg5 40. Qe5 Qd2 41. Qe7+ 1-0

[Event "Late-Titled-Tuesday-Blitz-March-05-2024"]
[Site "Chess.com"]
[Date "2024.03.05"]
[Round "6"]
[White "Fandorine"]
[Black "manitodeplomo"]
[Result "1-0"]
[WhiteElo "2917"]
[BlackElo "2720"]
[TimeControl "180+1"]
[EndTime "15:04:49 PST"]
[Termination "Fandorine won on time"]

1. e4 e6 2. d4 d5 3. Nc3 Bb4 4. e5 Ne7 5. a3 Bxc3+ 6. bxc3 c5 7. a4 Qa5 8. Bd2 Nbc6 9. f4 Bd7 10. Nf3 h6 11. Bd3 c4 12. Be2 O-O-O 13. O-O f6 14. Kh1 Rdf8 15. Qe1 f5 16. Bc1 Be8 17. Ba3 Bh5 18.
Qd2 Rfg8 19. Rfb1 g5 20. Bxe7 Nxe7 21. Rb5 Qc7 22. Rab1 b6 23. a5 bxa5 24. Rc5 Nc6 25. Bxc4 dxc4 26. d5 Rd8 27. d6 Bxf3 28. gxf3 Qd7 29.
Qe2 Rdg8 30. Qxc4 Kd8 31. Rxc6 Ke8 32. Rc8+ Kf7 33. Rc7 Qxc7 34. Qxc7+ Kg6 35. Qe7 Kh5 36. Qxe6 g4 37. Qxf5+ Kh4 38. fxg4 Rxg4 39. Qxg4+ Kxg4 40. e6 Kxf4 41. e7 1-0

[Event "Late-Titled-Tuesday-Blitz-March-05-2024"]
[Site "Chess.com"]
[Date "2024.03.05"]
[Round "6"]
[White "bancsoo"]
[Black "santosalberto1987"]
[Result "1-0"]
[WhiteElo "2883"]
[BlackElo "2551"]
[TimeControl "180+1"]
[EndTime "15:04:50 PST"]
[Termination "bancsoo won by resignation"]

1. Nf3 Nf6 2. g3 g6 3. Bg2 Bg7 4. d4 O-O 5. c4 d6 6. Nc3 Nc6 7. O-O a6 8. b3 Rb8 9. d5 Na5 10.
Bg5 c5 11. dxc6 Nxc6 12. Rc1 Be6 13. Qd2 Qa5 14. Rfd1 Rfc8 15. Ne1 b5 16. cxb5 axb5 17. Nd3 b4 18. Na4 Bd5 19. Bxf6 Bxf6 20. Bxd5 Qxd5 21.
Nf4 Qxd2 22. Rxd2 Nd4 23. Rxc8+ Rxc8 24. Nd5 Nb5 25. Nxb4 Rc1+ 26. Kg2 Nc3 27. Nxc3 Bxc3 28. Rc2 Rxc2 29. Nxc2 f5 30. Kf3 Kf7 31. e3 e5 32. Ke2 Ke6 33. Kd3 Ba5 34. Kc4 Bd2 35. a4 d5+ 36. Kb5 Kd6 37. a5 Kc7 38. b4 Bc3 39.
Kc5 1-0

[Event "Late-Titled-Tuesday-Blitz-March-05-2024"]
[Site "Chess.com"]
[Date "2024.03.05"]
[Round "6"]
[White "Mikhail_Golubev"]
[Black "Bkmzzzzz"]
[Result "1-0"]
[WhiteElo "2636"]
[BlackElo "2410"]
[TimeControl "180+1"]
[EndTime "15:04:50 PST"]
[Termination "Mikhail_Golubev won by resignation"]

1. e4 d6 2. d4 Nf6 3. Nc3 e5 4. Nf3 Nbd7 5. Bc4 Be7 6. a4 c6 7. O-O O-O 8. Re1 b6 9. h3 a6 10. Be3 Bb7 11. Bb3 b5 12. dxe5 dxe5 13. Nh4 Nc5 14. Qxd8 Rfxd8 15. Nf5 Bf8 16. Bg5 Nxb3 17. cxb3 b4 18. Ne2 Rd3 19. Bxf6 gxf6 20. Neg3 Rxb3 21. Nh5 Bc8 22. Nxf6+ Kh8 23. Rac1 c5 24. Red1 Rxb2 25. Rd8 Bb7 26. Rd7 Bc8 27. Rxf7 Bxf5 28. exf5 Bg7 29.
Nh5 Bh6 30. Rxc5 Rb8 31. Rcc7 Kg8 32. Nf6+ 1-0

[Event "Late-Titled-Tuesday-Blitz-March-05-2024"]
[Site "Chess.com"]
[Date "2024.03.05"]
[Round "6"]
[White "bazar-wokzal"]
[Black "Akhayan"]
[Result "1-0"]
[WhiteElo "2567"]
[BlackElo "2392"]
[TimeControl "180+1"]
[EndTime "15:04:50 PST"]
[Termination "bazar-wokzal won on time"]

1. e4 c5 2. c3 d5 3. exd5 Qxd5 4.
d4 Nf6 5. Nf3 Nc6 6. Be3 cxd4 7.
cxd4 e5 8. Nc3 Bb4 9. dxe5 Qxd1+ 10. Rxd1 Ng4 11. Bf4 Bc5 12. Ne4 Bb4+ 13. Bd2 O-O 14.
Bxb4 Nxb4 15. Bc4 Nc6 16. Nd6 Ngxe5 17. Nxe5 Nxe5 18. Bb3 Bg4 19. f3 Nxf3+ 20. gxf3 Bxf3 21. Kf2 Bxh1 22. Rxh1 Rad8 23. Rd1 Rd7 24. Kg3 g6 25.
Kf4 Kg7 26. Nf5+ gxf5 27. Rxd7 Kf6 28. Rxb7 1-0

[Event "Late-Titled-Tuesday-Blitz-March-05-2024"]
[Site "Chess.com"]
[Date "2024.03.05"]
[Round "6"]
[White "Zadar321"]
[Black "Yurovskykh_Oleksandr"]
[Result "1-0"]
[WhiteElo "2530"]
[BlackElo "2645"]
[TimeControl "180+1"]
[EndTime "15:04:51 PST"]
[Termination "Zadar321 won by resignation"]

1. e4 e6 2. d4 d5 3. Nd2 dxe4 4.
Nxe4 Bd7 5. Nf3 Bc6 6. Bd3 Nd7 7. O-O Ngf6 8. Ng3 g6 9. Re1 Bg7 10. h4 O-O 11. h5 Re8 12. h6 Bh8 13. Bg5 Qe7 14. c3 Qf8 15. Ne5 Nxe5 16. dxe5 Nd7 17. f4 Nc5 18. Bc2 a5 19. Qd4 b6 20.
a3 a4 21. Rad1 Reb8 22. Ne4 Nxe4 23. Bxe4 Bxe4 24. Qxe4 Rd8 25. Bxd8 Rxd8 26. Rxd8 Qxd8 27. Qd4 Qh4 28. Rd1 Qxh6 29. Qd8+ Kg7 30. Qf6+ Kg8 31. Rd8+ 1-0

[Event "Late-Titled-Tuesday-Blitz-March-05-2024"]
[Site "Chess.com"]
[Date "2024.03.05"]
[Round "6"]
[White "AlexeiShirov"]
[Black "TheBigBoss04"]
[Result "1-0"]
[WhiteElo "2866"]
[BlackElo "2683"]
[TimeControl "180+1"]
[EndTime "15:04:52 PST"]
[Termination "AlexeiShirov won on time"]

1. e4 g6 2. d4 Bg7 3. Nc3 d6 4. f4 Nc6 5. Be3 e5 6. dxe5 dxe5 7. Qxd8+ Kxd8 8. O-O-O+ Bd7 9. Nf3 Kc8 10. Bc4 exf4 11.
Bxf4 Bh6 12. g3 Bxf4+ 13. gxf4 Nge7 14. Ng5 f6 15. Be6 Bxe6 16. Nxe6 Nd8 17. Nc5 b6 18. Nd7 f5 19. Ne5 fxe4 20. Nxe4 Ndc6 21. Rd7 Nf5 22.
Rhd1 Nxe5 23. fxe5 Re8 24. Rxh7 Rxe5 25. Nf6 Kb7 26.
Rdd7 Rc8 27. Nd5 Kc6 28. Nb4+ Kb7 29. Nd5 Kc6 30. Nxc7 a5 31. c4 Nd6 32. b3 Kc5 33. Na6+ Kd4 34. Rxd6+ Ke4 35. Rh4+ Kf5 36. Rxb6 Rd8 37. Rb5 1-0

[Event "Late-Titled-Tuesday-Blitz-March-05-2024"]
[Site "Chess.com"]
[Date "2024.03.05"]
[Round "6"]
[White "Vegan4future"]
[Black "martinmena"]
[Result "1-0"]
[WhiteElo "2478"]
[BlackElo "2302"]
[TimeControl "180+1"]
[EndTime "15:04:52 PST"]
[Termination "Vegan4future won by checkmate"]

1. e4 c6 2. Nc3 d5 3. Qf3 d4 4.
Bc4 Nf6 5. e5 dxc3 6. exf6 cxb2 7. Bxb2 exf6 8. Ne2 Be6 9. Bxe6 fxe6 10. Qh5+ g6 11. Qh3 Qe7 12. O-O Bg7 13. Nf4 e5 14.
Rfe1 Nd7 15. Ne6 Nf8 16. Nxg7+ Qxg7 17. d4 Nd7 18. dxe5 fxe5 19. Rad1 Rd8 20. Qa3 Qe7 21.
Qxa7 O-O 22. Ba3 Qf7 23. Bxf8 Rxf8 24. f3 Nf6 25. Rxe5 Nd5 26. c4 Nc3 27. Rde1 Qxc4 28.
Qxb7 Qd4+ 29. Kh1 Rd8 30. Re8+ Rxe8 31. Rxe8# 1-0

[Event "Late-Titled-Tuesday-Blitz-March-05-2024"]
[Site "Chess.com"]
[Date "2024.03.05"]
[Round "6"]
[White "giovannibrandao7"]
[Black "s-dshubin"]
[Result "0-1"]
[WhiteElo "2214"]
[BlackElo "2327"]
[TimeControl "180+1"]
[EndTime "15:04:55 PST"]
[Termination "s-dshubin won on time"]

1. d4 d5 2. Nf3 Nf6 3. c4 c6 4.
Nc3 e6 5. g3 Nbd7 6. Bg2 Be7 7.
O-O O-O 8. Qc2 b6 9. e4 Nxe4 10. Nxe4 dxe4 11. Qxe4 Bb7 12. Rd1 Nf6 13. Qc2 Qc7 14. Bf4 Bd6 15. Be5 Rfd8 16. Rd2 c5 17. Ng5 Bxe5 18. dxe5 Rxd2 19. Qxd2 Rd8 20. Qc2 Qxe5 21.
Nxf7 Kxf7 22. Bxb7 Qd4 23. Bf3 Qd2 24. Rc1 Qxc2 25.
Rxc2 e5 26. Kg2 Ke6 27. b3 Rd3 28. Be2 Rd4 29. f3 Ne8 30. Kf2 Nd6 31. g4 Nc8 32.
Ke3 Ne7 33. Rd2 Ng6 34. Rxd4 exd4+ 35. Ke4 Ne5 36. f4 Nc6 37. Bf3 Nb4 38. a3 Nc2 39. a4 Ne1 40. h4 Nxf3 41. Kxf3 h5 42. gxh5 Kf5 0-1

[Event "Late-Titled-Tuesday-Blitz-March-05-2024"]
[Site "Chess.com"]
[Date "2024.03.05"]
[Round "6"]
[White "Kosak12"]
[Black "LiemLe"]
[Result "0-1"]
[WhiteElo "2801"]
[BlackElo "3056"]
[TimeControl "180+1"]
[EndTime "15:04:56 PST"]
[Termination "LiemLe won by resignation"]

1. e4 c5 2. Nf3 d6 3. d4 cxd4 4. Nxd4 Nf6 5. Nc3 Bd7 6. f3 Nc6 7. Be3 e5 8. Nb3 Be7 9. Qd2 O-O 10. O-O-O a5 11. a4 Nb4 12. g4 Rc8 13. Kb1 Be6 14. g5 Nh5 15. Bb5 g6 16. h4 f6 17. gxf6 Rxf6 18.
Bg5 Rxf3 19. Bxe7 Qxe7 20. Qxd6 Qxd6 21. Rxd6 Bxb3 22. cxb3 Rc7 23. Nd5 Nxd5 24. Rxd5 Rxb3 25. Rxe5 Kg7 26. Rd1 Rb4 27. Rd7+ Rxd7 28. Bxd7 Nf6 29. Bc8 Nxe4 30. Rxa5 Nc3+ 31. Kc2 Nxa4 32. b3 Nb6 33. Bxb7 Rxh4 34. Rb5 Nd7 35. b4 Kf6 36. Bc8 Rc4+ 0-1

[Event "Late-Titled-Tuesday-Blitz-March-05-2024"]
[Site "Chess.com"]
[Date "2024.03.05"]
[Round "6"]
[White "PNEPaul"]
[Black "1g60-1"]
[Result "0-1"]
[WhiteElo "1926"]
[BlackElo "2296"]
[TimeControl "180+1"]
[EndTime "15:04:56 PST"]
[Termination "1g60-1 won by resignation"]

1. e4 e6 2. d4 d5 3. e5 c5 4.
Qg4 cxd4 5. Nf3 Nc6 6. Bd3 Bd7 7. O-O Qc7 8. Qg3 Nge7 9. a3 Ng6 10. Re1 Be7 11. h4 Rg8 12. h5 Nf8 13. c3 dxc3 14. Nxc3 a6 15. Bd2 g5 16. Rac1 g4 17. Nh4 Qb6 18.
b4 Qd8 19. Nf3 Rc8 20. b5 Na5 21. bxa6 Nb3 22. axb7 Rb8 23. Nxd5 Nxc1 24. Rxc1 exd5 25. e6 Nxe6 26. Bf5 Rxb7 27. Bxg4 Rc7 28. Rxc7 Qxc7 29. Ne5 Bd6 30. Bf4 Bxe5 31. Bxe5 Qc1+ 32. Kh2 Qg5 33. Bxe6 Qxg3+ 34. Bxg3 fxe6 0-1

[Event "Late-Titled-Tuesday-Blitz-March-05-2024"]
[Site "Chess.com"]
[Date "2024.03.05"]
[Round "6"]
[White "Sokoloco"]
[Black "Firouzja2003"]
[Result "1-0"]
[WhiteElo "2774"]
[BlackElo "3193"]
[TimeControl "180+1"]
[EndTime "15:04:58 PST"]
[Termination "Sokoloco won by resignation"]

1. b3 e5 2. Bb2 Nc6 3. e3 Nf6 4. Nf3 e4 5. Nd4 Bc5 6. Nxc6 dxc6 7. d4 exd3 8. Bxd3 Qe7 9. Qf3 Bb4+ 10. Nd2 Be6 11.
Bxf6 gxf6 12. Rd1 O-O-O 13. O-O Rhg8 14. h3 Bd5 15. e4 Be6 16. Nc4 Kb8 17. Ne3 Bc3 18. Bc4 Bd4 19. Nf5 Bxf5 20. Qxf5 Rg5 21. Qxh7 Qe5 22. Kh1 Rh5 23. Qxf7 Rdh8 24. Qe6 Qc5 25.
b4 Qe5 26. f4 Qxe6 27. Bxe6 Bc3 28. a3 a5 29. Rd3 axb4 30. Rb1 c5 31. Bd5 c6 32.
Bxc6 bxc6 33. Rxc3 Kc7 34. axb4 Rxh3+ 35. Rxh3 1-0

[Event "Late-Titled-Tuesday-Blitz-March-05-2024"]
[Site "Chess.com"]
[Date "2024.03.05"]
[Round "6"]
[White "ozates"]
[Black "MathiasWomacka"]
[Result "0-1"]
[WhiteElo "2587"]
[BlackElo "2547"]
[TimeControl "180+1"]
[EndTime "15:04:58 PST"]
[Termination "MathiasWomacka won by resignation"]

1. e4 c5 2. Nf3 d6 3. c3 Nf6 4. Bd3 Bg4 5. Bc2 e6 6. d3 Be7 7. h3 Bh5 8. Nbd2 Nc6 9. O-O O-O 10. Re1 d5 11. Qe2 Qc7 12. Nf1 b5 13. Ng3 Bg6 14. e5 Nd7 15. h4 h6 16. h5 Bh7 17. Bf4 b4 18. d4 Bxc2 19. Qxc2 bxc3 20. bxc3 Rab8 21. Nh2 Rfc8 22. Qd2 cxd4 23. Bxh6 dxc3 24. Qf4 Ndxe5 25. Bxg7 Kxg7 26. h6+ Kh7 27. Ng4 f5 28.
Nxf5 Nxg4 29. Qxg4 Rg8 30. Ng7 Bf6 31. Rxe6 Bxg7 32.
Qg6+ Kh8 33. Rxc6 Qe5 34. hxg7+ Rxg7 35. Qh6+ Rh7 36. Qg6 c2 37. Rc1 Qh2+ 38. Kf1 Qh1+ 39. Ke2 Qxc1 40. Qf6+ Rg7 41. Qh6+ Qxh6 0-1

[Event "Late-Titled-Tuesday-Blitz-March-05-2024"]
[Site "Chess.com"]
[Date "2024.03.05"]
[Round "6"]
[White "PepeCuenca"]
[Black "PapaieDudu"]
[Result "0-1"]
[WhiteElo "2676"]
[BlackElo "2446"]
[TimeControl "180+1"]
[EndTime "15:04:58 PST"]
[Termination "PapaieDudu won on time"]

1. c4 e6 2. Nf3 d5 3. b3 Nf6 4. g3 Be7 5. Bb2 O-O 6. Bg2 a6 7. O-O b5 8. cxd5 exd5 9. d4 Bf5 10. Nbd2 h6 11. Ne5 Re8 12. Rc1 Bd6 13. Ndf3 Ne4 14.
e3 Bh7 15. Ne1 Nd7 16. Nc6 Qf6 17. Nd3 a5 18. Nf4 Nb6 19. Nd3 a4 20. Nde5 axb3 21. axb3 Ra2 22. Rc2 Qe6 23. Nd3 Rea8 24. Ndb4 Bxb4 25.
Nxb4 R2a7 26. Nc6 Ra2 27. Nb4 R2a7 28. Rc1 Bf5 29. f3 Ng5 30. Qd2 Bh3 31. Ra1 Bxg2 32. Kxg2 Qh3+ 0-1

[Event "Late-Titled-Tuesday-Blitz-March-05-2024"]
[Site "Chess.com"]
[Date "2024.03.05"]
[Round "6"]
[White "stregachess"]
[Black "GMthekingindian"]
[Result "0-1"]
[WhiteElo "2021"]
[BlackElo "2300"]
[TimeControl "180+1"]
[EndTime "15:04:58 PST"]
[Termination "GMthekingindian won by resignation"]

1. d4 f5 2. Nf3 Nf6 3. Bf4 g6 4. e3 Bg7 5. Be2 d6 6. h3 O-O 7. O-O Qe8 8. c4 Nbd7 9. Nc3 e5 10. Bh2 a6 11. Rc1 e4 12. Nd2 Kh8 13. a3 Rf7 14. b4 Nf8 15. Re1 g5 16. f3 Ng6 17.
fxe4 fxe4 18. Bh5 Nxh5 19. Qxh5 Ne5 20. Qe2 Nd3 21. Rf1 Nxc1 22. Rxc1 Bf5 23. Rf1 Bg6 24. Nd5 Rxf1+ 25. Qxf1 Qd7 26. Qe2 Rf8 27. Nc3 Qe6 28. Bg3 c5 29. bxc5 dxc5 30. d5 Qe7 31. Nd1 Be5 32.
Bxe5+ Qxe5 33. Nf2 Qa1+ 34. Kh2 Qe5+ 35. Kg1 h5 36. Nd1 Kg7 37. Nf2 Kh6 38. Nd1 h4 39.
Nf2 Bh5 40. Qe1 Qc3 41. Ndxe4 Qxe1+ 42. Kh2 Rxf2 43. Nxf2 Qxf2 0-1

[Event "Late-Titled-Tuesday-Blitz-March-05-2024"]
[Site "Chess.com"]
[Date "2024.03.05"]
[Round "6"]
[White "Eeleyah"]
[Black "sotochess"]
[Result "0-1"]
[WhiteElo "2462"]
[BlackElo "2584"]
[TimeControl "180+1"]
[EndTime "15:05:01 PST"]
[Termination "sotochess won on time"]

1. d4 Nf6 2. c4 e6 3. g3 d5 4. Bg2 Be7 5. Nf3 O-O 6. O-O c5 7. cxd5 Nxd5 8. a3 Nf6 9. dxc5 Bxc5 10. b4 Be7 11. Nc3 a5 12. b5 Nbd7 13. Na4 Nc5 14. Nxc5 Bxc5 15. Qb3 a4 16. Qc2 Qe7 17. Bb2 Bd7 18.
Bxf6 gxf6 19. Qb2 Ra5 20. Rfc1 Rxb5 21. Qc2 Ra5 22. Nd2 b6 23. Ne4 Bxa3 24. Qc3 Bxc1 25. Nxf6+ Kh8 26. Nxd7+ f6 27. Nxf8 Rc5 28. Qe1 Bb2 29.
Qb1 Rc1+ 30. Qxc1 Bxc1 31. Rxc1 Qxf8 32. Bc6 a3 33. Bd7 Qd6 0-1

[Event "Late-Titled-Tuesday-Blitz-March-05-2024"]
[Site "Chess.com"]
[Date "2024.03.05"]
[Round "6"]
[White "AldokhinIvan"]
[Black "TenisMaster"]
[Result "0-1"]
[WhiteElo "2692"]
[BlackElo "2880"]
[TimeControl "180+1"]
[EndTime "15:05:02 PST"]
[Termination "TenisMaster won on time"]

1. e4 d5 2. exd5 Qxd5 3. Nc3 Qa5 4. Bc4 Nf6 5. d4 Bf5 6. Ne2 e6 7. O-O c6 8. Ng3 Bg6 9. f4 Nbd7 10. f5 exf5 11.
Qe2+ Be7 12. Bd2 Qb6 13. Kh1 Qxd4 14. Bb3 Qe5 15. Qf3 O-O 16. Rae1 Ne4 17. Nxf5 Qxf5 18.
Qxf5 Bxf5 19. Rxf5 Nxd2 20. Rxe7 Nxb3 21. Rxd7 Rae8 22.
h3 Re1+ 23. Kh2 Na1 24. Rxb7 Nxc2 25. Rxa7 Ne3 26. Rf2 h5 27. Kg3 g6 28. a4 Nf5+ 29.
Kf4 Rd8 30. g4 Rd4+ 31. Kg5 Kg7 0-1

[Event "Late-Titled-Tuesday-Blitz-March-05-2024"]
[Site "Chess.com"]
[Date "2024.03.05"]
[Round "6"]
[White "Nouali_Mohamed"]
[Black "pr1105"]
[Result "0-1"]
[WhiteElo "2531"]
[BlackElo "2405"]
[TimeControl "180+1"]
[EndTime "15:05:02 PST"]
[Termination "pr1105 won by checkmate"]

1. e4 e5 2. Bc4 Nf6 3. Nc3 Nc6 4. d3 Na5 5. Qf3 d6 6. h3 Be7 7. Nge2 Nxc4 8. dxc4 Be6 9. b3 g6 10. Bb2 h5 11.
O-O-O Qd7 12. c5 Qc6 13. cxd6 cxd6 14. Nd5 Bxd5 15. exd5 Qc5 16. g4 Rc8 17. Nc3 b5 18. Rd2 b4 19. Na4 Qc7 20. g5 Nd7 21. h4 O-O 22.
Qe4 a5 23. f4 Rfe8 24. f5 Nf8 25. Rf1 Bd8 26. Rdf2 Qd7 27. fxg6 fxg6 28. Kb1 Kg7 29. Bc1 Rb8 30. Nb2 Bb6 31. Rf6 Rb7 32. Nc4 Bc5 33. Bd2 a4 34. Be3 axb3 35. axb3 Ra7 36.
Bxc5 dxc5 37. Nxe5 Qe7 38. Rxf8 Qxe5 39. Rxe8 Ra1# 0-1

[Event "Late-Titled-Tuesday-Blitz-March-05-2024"]
[Site "Chess.com"]
[Date "2024.03.05"]
[Round "6"]
[White "KetiTsatsalashvili"]
[Black "BilicVladimir"]
[Result "1-0"]
[WhiteElo "2489"]
[BlackElo "2620"]
[TimeControl "180+1"]
[EndTime "15:05:03 PST"]
[Termination "KetiTsatsalashvili won by resignation"]

1. d4 c6 2. Nf3 d5 3. c4 Nf6 4. e3 a6 5. c5 Nbd7 6. Nc3 g6 7.
Be2 Bg7 8. O-O O-O 9. b4 Ne4 10. Bb2 Nxc3 11. Bxc3 Qc7 12. a4 e5 13. b5 axb5 14.
axb5 Rxa1 15. Qxa1 exd4 16. Bxd4 Bxd4 17. exd4 cxb5 18. Bxb5 Nf6 19. Ne5 Be6 20. Qa7 Rc8 21. Bd3 Bd7 22. Rb1 Bc6 23. h3 Qe7 24. Nxc6 Rxc6 25. Qxb7 Rc7 26. Qb8+ Kg7 27. Qb4 Ne4 28. Bxe4 Qxe4 29. Re1 Qd3 30. Qb8 Rc6 31. Qe5+ Rf6 32. Re3 Qd1+ 33. Kh2 Qh5 34. Qxh5 gxh5 35. f3 Rf4 36. Rc3 1-0

[Event "Late-Titled-Tuesday-Blitz-March-05-2024"]
[Site "Chess.com"]
[Date "2024.03.05"]
[Round "6"]
[White "BabageldiAnnaberdiyev"]
[Black "rodp92"]
[Result "1-0"]
[WhiteElo "2633"]
[BlackElo "2489"]
[TimeControl "180+1"]
[EndTime "15:05:03 PST"]
[Termination "BabageldiAnnaberdiyev won by resignation"]

1. e4 g6 2. d4 c6 3. Nc3 d5 4. Nf3 dxe4 5. Nxe4 Nf6 6. Nxf6+ exf6 7. Bc4 Bg7 8. Qe2+ Qe7 9. Qxe7+ Kxe7 10. Bf4 Re8 11.
O-O-O Kf8 12. Bd6+ Kg8 13. Rhe1 Be6 14. d5 cxd5 15.
Bxd5 Nc6 16. Bc5 Bxd5 17. Rxe8+ Rxe8 18. Rxd5 b6 19. Be3 Rd8 20. Rxd8+ Nxd8 21. c4 Ne6 22. Kc2 f5 23. b4 f4 24. Bd2 g5 25. h3 h5 26. Bc3 g4 27. hxg4 hxg4 28. Ne5 f5 29. Kd3 Ng5 30. f3 g3 31. c5 bxc5 32. bxc5 Ne6 33.
c6 Kf8 34. Kc4 Ke7 35. Bb4+ Kd8 36. Bd6 Bf8 37. Kd5 Nc7+ 38. Bxc7+ Kxc7 39. Ng6 Bh6 40. Nh4 Bf8 41. Nxf5 Bb4 42. Nd4 Bd2 43. Ne6+ Kc8 44. Ke4 Bc1 45. Nxf4 Kc7 46. Nd3 Bd2 47. Kd5 a5 48. f4 a4 49. f5 Bg5 50. Nc5 a3 51. Ne6+ Kc8 52. Nxg5 1-0

[Event "Late-Titled-Tuesday-Blitz-March-05-2024"]
[Site "Chess.com"]
[Date "2024.03.05"]
[Round "6"]
[White "SocoLoco"]
[Black "Zampronha1971"]
[Result "0-1"]
[WhiteElo "2217"]
[BlackElo "2338"]
[TimeControl "180+1"]
[EndTime "15:05:04 PST"]
[Termination "Zampronha1971 won on time"]

1. e4 c5 2. Nf3 e6 3. d3 d5 4. Nbd2 Nc6 5. g3 Nf6 6. Bg2 Be7 7. O-O O-O 8. c3 b5 9. Qe2 a5 10. Nh4 b4 11. f4 dxe4 12. dxe4 Ba6 13. Nc4 Nd7 14. Rd1 Qc7 15. Nf3 Nb6 16. Nfd2 Rfd8 17. cxb4 cxb4 18. b3 Nxc4 19. bxc4 Nd4 20. Qf1 Nc2 21.
Bb2 Nxa1 22. Bxa1 Bxc4 23. Qf3 Bxa2 24. Qg4 Bf8 25. f5 exf5 26. exf5 Qd7 27. Bxa8 Rxa8 28. Ne4 Qa7+ 29. Kg2 Kh8 30. Bxg7+ Bxg7 31. f6 Bh6 32. Rd7 Qe3 33. Rxf7 Bxf7 34. Nd6 Bd5+ 0-1